 Dungeon Crawl Stone Soup version 0.18.1-48-g4cf74bf (webtiles) character file.

11111 Joat the Martial Artist (level 11, 0/80 HPs)
             Began as an Octopode Monk on Aug 9, 2016.
             Was a Priest of Sif Muna.
             Slain by a yak (6 damage)
             ... on level 2 of the Lair of Beasts on Aug 10, 2016.
             The game lasted 01:35:06 (16918 turns).

Joat the Martial Artist (Octopode Monk)            Turns: 16918, Time: 01:35:06

Health: 0/80       AC:  1    Str: 13    XL:     11   Next: 72%
Magic:  1/23       EV: 19    Int: 28    God:    Sif Muna [***...]
Gold:   91         SH:  3    Dex: 17    Spells: 4 memorised, 18 levels left

rFire  . . .     SeeInvis +       - Unarmed
rCold  . . .     Gourm    .     (no shield)
rNeg   . . .     Faith    .     (helmet restricted)
rPois  .         Spirit   .     q - +3 amulet of reflection
rElec  .         Dismiss  .     k - ring of see invisible
rCorr  .         Reflect  +     i - ring of stealth
SustAt .         Harm     .     o - ring "Lirisus" {Int+9 Stlth+}
MR     .....                    J - +5 ring of intelligence
Stlth  ++++++....               B - +3 ring of strength
                                (no ring)
                                (no ring)
                                (no ring)

@: repel missiles, not resistant to hostile enchantments, very stealthy
A: almost no armour, amphibious, 8 rings, constrict 8, camouflage 1, gelatinous
body 1
a: Channel Energy, Renounce Religion


You were on level 2 of the Lair of Beasts.
You worshipped Sif Muna.
Sif Muna was most pleased with you.
You were not hungry.

You visited 3 branches of the dungeon, and saw 13 of its levels.
You also visited: Sewer.

You collected 576 gold pieces.
You spent 485 gold pieces at shops.

Inventory:

Missiles
 b - a throwing net (quivered)
 m - 4 tomahawks
Jewellery
 i - a ring of stealth (right tentacle)
 k - a ring of see invisible (left tentacle)
 o - the ring "Lirisus" (on tentacle) {Int+9 Stlth+}
   (You found it on level 6 of the Dungeon)

   [ring of stealth]

   It affects your intelligence (+9).
   It makes you more stealthy.
 q - a +3 amulet of reflection (around mantle)
 B - a +3 ring of strength (on tentacle)
 J - a +5 ring of intelligence (on tentacle)
Wands
 g - a wand of polymorph (13/24)
 v - a wand of digging (19/24)
 w - a wand of acid (2/15)
 F - a wand of digging (8/24)
 I - a wand of flame (0/48)
 K - a wand of flame (32/48)
 M - a wand of acid (6/15)
 Q - a wand of flame (34/48)
Scrolls
 c - 6 scrolls of teleportation
 f - 10 scrolls of identify
 j - a scroll of immolation
 n - 2 scrolls of enchant weapon
 s - a scroll of remove curse
 t - 2 scrolls of enchant armour
 y - 3 scrolls of magic mapping
 L - a scroll of blinking
 N - a scroll of fear
 P - a scroll of fog
 S - a scroll of silence {unknown}
Potions
 d - a potion of curing
 e - 5 potions of flight
 h - a potion of mutation
 r - 2 potions of agility {unknown}
 z - 3 potions of might
 A - a potion of degeneration
 C - 3 potions of cancellation {unknown}
 D - 2 potions of cure mutation {unknown}
 E - a potion of magic {unknown}
 G - a potion of haste
 H - a potion of berserk rage {unknown}
 R - a potion of brilliance {unknown}
Books
 O - a book of Minor Magic

   Spells                             Type                      Level
   a - Magic Dart                     Conjuration                  1
   b - Blink                          Translocation                2
   c - Call Imp                       Summoning                    2
   d - Repel Missiles                 Charms/Air                   2
   e - Slow                           Hexes                        2
   f - Conjure Flame                  Conjuration/Fire             3
   g - Mephitic Cloud                 Conjuration/Poison/Air       3
Comestibles
 a - 3 beef jerkies
 l - 3 meat rations
 p - 13 fruits
 u - 7 royal jellies


   Skills:
 * Level 9.2 Fighting
 * Level 9.4 Dodging
 - Level 2.6 Stealth
 * Level 9.7 Unarmed Combat
 + Level 8.9 Spellcasting
 + Level 1.2 Conjurations
 + Level 1.0 Charms
 + Level 0.6 Summonings
 + Level 1.1 Translocations
 + Level 1.1 Air Magic
 + Level 1.0 Poison Magic


You had 18 spell levels left.
You knew the following spells:

 Your Spells              Type           Power        Failure   Level  Hunger
b - Blink                 Tloc           N/A          6%          2    None
c - Mephitic Cloud        Conj/Pois/Air  ###.....     12%         3    None
d - Repel Missiles        Chrm/Air       ###...       6%          2    None
w - Call Imp              Summ           ###.....     8%          2    None


Dungeon Overview and Level Annotations

Branches:
Dungeon (10/15)            Temple (1/1) D:6            Lair (2/8) D:10
    Orc: D:9-12

Altars:
Ashenzari
Cheibriados
Dithmenos
Elyvilon
Fedhas
Gozag
Kikubaaqudgha
Makhleb
Nemelex Xobeh
Okawaru
Pakellas
Qazlal
Ru
Sif Muna
Trog
Vehumet
Xom
Yredelemnul
Zin
The Shining One
Lugonu

Shops:
D:4 [   D:5 :!**   D:7 }

Annotations:
Lair:2 Gastronok


Innate Abilities, Weirdness & Mutations

You cannot wear most types of armour.
You are amphibious.
You can wear up to eight rings at the same time.
You can use your tentacles to constrict eight enemies at once.
Your skin changes colour to match your surroundings (Stealth).
Your rubbery body absorbs attacks (AC +1).


Message History

A beastly little devil appears in a puff of flame.
Casting: Call Imp
Confirm with . or Enter, or press ? or * to list all spells.
Aiming: Mephitic Cloud
Press: ? - help, Shift-Dir - straight line, f/p - yak
Aim: a yak (heavily wounded, confused)
You miscast Mephitic Cloud.
Sif Muna protects you from the effects of your miscast!
Gastronok is engulfed in noxious fumes.
Your crimson imp hits Gastronok but does no damage.
Your crimson imp hits Gastronok.
Gastronok sloshes about.
Casting: Mephitic Cloud
Confirm with . or Enter, or press ? or * to list all spells.
You blink.
Your crimson imp blinks!
Gastronok bites your crimson imp!!
Your crimson imp dies!
The yak gores you.
You die...

###..#....... #....P.......
### ##.#P........ ###P###
###..#.P.......
#P....###.P.#..........
##Y.w...##...#.#.........
.#.......#................
..........#Y#Y..........b...
.........#..@...............
.........#..................
........#...................
............................
.......#...........<........
........................###
........#............###
....P...#.............#
.....................##


You could see Gastronok and 3 yaks.

Vanquished Creatures
  A black mamba (Lair:1)
  Joseph (D:7)
  Psyche (D:8)
  A spiny frog (Lair:1)
  A komodo dragon (D:10)
  A troll (D:9)
  A queen bee (D:8)
  A blink frog (D:10)
  2 two-headed ogres (D:9)
  A wyvern (D:10)
  10 yaks
  5 hippogriffs
  A hungry ghost (D:7)
  4 water moccasins
  A sky beast (D:6)
  6 porcupines
  2 orc warriors
  2 black bears (D:8)
  A phantom (D:8)
  An ice beast (D:5)
  4 ogres
  2 centaurs (D:8)
  5 crocodiles
  3 big kobolds
  9 giant frogs
  A jelly (D:9)
  2 scorpions
  A water moccasin skeleton (D:9)
  18 killer bees
  6 howler monkeys
  3 crimson imps
  2 quasits (D:5)
  A gnoll shaman (D:6)
  3 giant frog skeletons
  2 orc priests (D:8)
  Crazy Yiuf (D:6)
  7 hounds
  4 iguanas
  4 orc wizards
  6 worker ants
  A killer bee zombie (D:10)
  A hound skeleton (D:6)
  2 howler monkey zombies
  9 gnolls
  11 adders
  16 river rats
  A shadow imp (D:5)
  2 oozes
  An adder skeleton (D:3)
  2 worms (D:3)
  3 dart slugs
  7 giant geckos
  14 orcs
  2 ball pythons
  8 bats
  7 giant cockroaches
  6 hobgoblins
  2 jackals (Sewer)
  19 kobolds
  3 quokkas
  4 giant newts
  6 goblins
  A quokka zombie (D:2)
  11 rats
  2 demonic plants (Temple)
269 creatures vanquished.

Vanquished Creatures (collateral kills)
  3 yaks
  A hippogriff (Lair:2)
4 creatures vanquished.

Grand Total: 273 creatures vanquished

Notes
Turn   | Place    | Note
--------------------------------------------------------------
     0 | D:1      | Joat the Octopode Monk began the quest for the Orb.
     0 | D:1      | Reached XP level 1. HP: 16/16 MP: 1/1
   177 | D:1      | Reached XP level 2. HP: 20/21 MP: 2/2
   589 | D:2      | Found a shadowy altar of Dithmenos.
   592 | D:2      | Reached XP level 3. HP: 25/26 MP: 3/3
   982 | D:2      | Reached XP level 4. HP: 28/31 MP: 4/4
  1474 | D:2      | Reached XP level 5. HP: 29/37 MP: 5/5
  1496 | D:2      | Reached skill level 5 in Unarmed Combat
  1875 | D:2      | Found an opulent altar of Gozag.
  2205 | D:3      | Found a glowing silver altar of Zin.
  2717 | D:4      | Reached XP level 6. HP: 32/43 MP: 6/6
  3146 | D:4      | Found Giqiekleaju's Armour Boutique.
  3459 | D:5      | Entered Level 5 of the Dungeon
  3459 | D:5      | Found Lusuc's Book Boutique.
  3505 | D:5      | Found Votwagao's Distillery.
  3511 | D:5      | Found Fan Piod's Assorted Antiques.
  3513 | D:5      | Bought a potion of curing for 45 gold pieces
  3513 | D:5      | Bought a potion of degeneration for 15 gold pieces
  3542 | D:5      | Reached skill level 5 in Dodging
  3643 | D:5      | Reached skill level 5 in Fighting
  3643 | D:5      | Reached XP level 7. HP: 50/50 MP: 7/7
  3898 | D:5      | Found a basalt altar of Yredelemnul.
  3920 | D:5      | Found a shadowy altar of Dithmenos.
  4171 | D:5      | Found Sumpol's Assorted Antiques.
  4383 | D:5      | Found a glowing silver altar of Zin.
  4456 | D:6      | Found a staircase to the Ecumenical Temple.
  4475 | D:6      | Found an oddly glowing altar of Pakellas.
  4509 | D:6      | Found a glowing drain.
  4513 | Sewer    | Entered a sewer
  4777 | Sewer    | Found a white marble altar of Elyvilon.
  4871 | D:6      | Reached XP level 8. HP: 54/57 MP: 8/8
  4877 | Temple   | Entered the Ecumenical Temple
  5054 | D:5      | Bought a scratched bone ring for 145 gold pieces
  5151 | D:6      | Got a transparent bronze ring
  5152 | D:6      | Identified the ring "Lirisus" {Int+9 Stlth+} (You found it on level 6 of the Dungeon)
  5646 | D:6      | Noticed Crazy Yiuf
  5653 | D:6      | Killed Crazy Yiuf
  6114 | D:7      | Found a sacrificial altar of Ru.
  6121 | D:7      | Became a worshipper of Ru the Awakened
  6125 | D:7      | Noticed Joseph
  6138 | D:7      | Killed Joseph
  6336 | D:7      | Found Noujul's Gadget Shop.
  6556 | D:7      | Reached XP level 9. HP: 57/63 MP: 9/9
  6975 | D:7      | Found a deep blue altar of Sif Muna.
  6978 | D:7      | Fell from the grace of Ru
  6978 | D:7      | Became a worshipper of Sif Muna the Loreminder
  7291 | D:8      | Noticed Psyche
  7301 | D:8      | Killed Psyche
  7821 | D:8      | Noticed a queen bee
  7829 | D:8      | Killed a queen bee
  7829 | D:8      | Reached * piety under Sif Muna
  7854 | D:8      | Reached skill level 5 in Spellcasting
  8380 | D:8      | Reached XP level 10. HP: 52/71 MP: 17/19
  8420 | D:8      | Reached ** piety under Sif Muna
  9861 | D:9      | Found a shimmering altar of Xom.
  9861 | D:9      | Found a shimmering altar of Xom.
 10134 | D:9      | Found a radiant altar of Vehumet.
 10135 | D:9      | Found a burning altar of Makhleb.
 10179 | D:9      | Found an oddly glowing altar of Pakellas.
 10505 | D:9      | Noticed a dire elephant
 10507 | D:9      | Noticed a frost giant
 10507 | D:9      | a dire elephant changed into a frost giant
 10513 | D:9      | Noticed an apis
 10560 | D:9      | Found an iron altar of Okawaru.
 10571 | D:9      | Noticed an iron dragon
 10572 | D:9      | Noticed an orb spider
 11005 | D:9      | Noticed a ghost crab
 11243 | D:9      | Noticed a titan
 11271 | D:10     | Entered Level 10 of the Dungeon
 11398 | D:10     | Reached *** piety under Sif Muna
 11967 | D:10     | Reached XP level 11. HP: 78/78 MP: 23/23
 12209 | D:10     | Found a staircase to the Lair.
 12236 | D:10     | Found a snail-covered altar of Cheibriados.
 13118 | Lair:1   | Entered Level 1 of the Lair of Beasts
 13874 | Lair:1   | HP: 2/80 [yak (13)]
 14866 | D:9      | Noticed a shard shrike
 15002 | D:5      | Bought a book of Minor Magic for 280 gold pieces
 15005 | D:5      | Learned a level 2 spell: Blink
 15221 | Lair:1   | Learned a level 2 spell: Repel Missiles
 15224 | Lair:1   | Learned a level 2 spell: Call Imp
 15228 | Lair:1   | Learned a level 3 spell: Mephitic Cloud
 16437 | Lair:2   | Reached skill level 1 in Conjurations
 16472 | Lair:2   | Reached skill level 1 in Translocations
 16555 | Lair:2   | Reached skill level 1 in Air Magic
 16567 | Lair:2   | Reached skill level 1 in Charms
 16670 | Lair:1   | Reached skill level 1 in Poison Magic
 16889 | Lair:2   | Noticed Gastronok
 16906 | Lair:2   | HP: 3/80 [Gastronok/the air (22)]
 16918 | Lair:2   | Slain by a yak

Skill      XL: |  1  2  3  4  5  6  7  8  9 10 11 |
---------------+----------------------------------+-----
Fighting       | 4 5 6 7 8 9 |  9.2
Unarmed Combat | 5 6 7 8 9 |  9.7
Dodging        | 4 5 7 8 9 |  9.4
Spellcasting   | 6 8 |  8.9
Conjurations   | 1 |  1.2
Translocations | 1 |  1.1
Air Magic      | 1 |  1.1
Charms         | 1 |  1.0
Poison Magic   | 1 |  1.0
Stealth        | |  2.6
Summonings     | |  0.6

Action                   |  1- 3 |  4- 6 |  7- 9 | 10-12 || total
-------------------------+-------+-------+-------+-------++-------
Melee: Unarmed           |    45 |   136 |   300 |   496 ||   977
       Constrict         |    13 |    32 |    53 |    70 ||   168
       Punch             |     3 |       |    15 |    52 ||    70
       Tentacles         |     8 |    24 |    55 |   107 ||   194
 Cast: Call Imp          |       |       |       |    27 ||    27
       Mephitic Cloud    |       |       |       |     6 ||     6
       Blink             |       |       |       |     1 ||     1
       Repel Missiles    |       |       |       |     1 ||     1
Invok: Reject Sacrifices |       |       |     1 |       ||     1
Evoke: Wand              |       |       |     8 |     5 ||    13
  Use: Scroll            |       |       |    14 |     8 ||    22
       Potion            |       |       |    11 |     4 ||    15
 Stab: Sleeping          |    14 |    19 |    12 |    11 ||    56
       Distracted        |       |       |     2 |     3 ||     5
       Confused          |       |       |       |     1 ||     1
  Eat: Chunk             |       |     6 |    14 |    18 ||    38
       Bread ration      |       |     1 |       |     2 ||     3
       Pizza             |       |       |       |     1 ||     1
Armor: Skin              |       |     6 |     6 |     8 ||    20
Dodge: Dodged            |    19 |    95 |   208 |   359 ||   681
Block: Other             |       |     9 |    26 |    54 ||    89
       Reflection        |       |     1 |       |     2 ||     3
